 Dungeon Crawl Stone Soup version 0.22-a0-596-gfbd32a6 (webtiles) character file.

10 iamserjio the Skirmisher (level 2, -1/24 HPs)
             Began as a Demonspawn Berserker on July 5, 2018.
             Was a Follower of Trog.
             Killed from afar by a dart slug (5 damage)
             ... with a slug dart
             ... on level 2 of the Dungeon.
             The game lasted 00:00:56 (118 turns).

iamserjio the Skirmisher (Demonspawn Berserker)      Turns: 118, Time: 00:00:56

Health: -1/24      AC:  2    Str: 17    XL:     2   Next: 10%
Magic:  2/2        EV: 12    Int:  8    God:    Trog [*.....]
Gold:   9          SH:  0    Dex: 12    Spells: 1/1 levels left

rFire    . . .     SeeInvis .   a - +0 hand axe
rCold    . . .     Gourm    .   (no shield)
rNeg     . . .     Faith    .   b - +0 animal skin
rPois    .         Spirit   .   (no helmet)
rElec    .         Reflect  .   (no cloak)
rCorr    .         Harm     .   (no gloves)
MR       .....                  (no boots)
Stlth    +.........             (no amulet)
HPRegen  0.08/turn              (no ring)
MPRegen  0.08/turn              (no ring)

@: berserk cooldown, slowed, very slow
A: powered by pain 1
a: Berserk, Renounce Religion


You were on level 2 of the Dungeon.
You worshipped Trog.
Trog was aware of your devotion.
You were not hungry.

You visited 1 branch of the dungeon, and saw 2 of its levels.

You collected 9 gold pieces.

Inventory:

Hand Weapons
 a - a +0 hand axe (weapon)
Armour
 b - a +0 animal skin (worn)
Potions
 d - a potion of heal wounds {unknown}
Comestibles
 c - 2 rations
 f - 3 chunks of flesh


   Skills:
 + Level 3.1 Fighting
 * Level 3.0 Axes
 + Level 2.0 Armour
 - Level 1.7 Dodging


You had one spell level left.
You didn't know any spells.
Your spell library was empty.

Dungeon Overview and Level Annotations

Branches:
Dungeon (2/15)

Altars:


Innate Abilities, Weirdness & Mutations

You sometimes gain a little power by taking damage.


Message History

Found a stone staircase leading down.
You see here a ration.
c - 2 rations (gained 1)
You feel a strong urge to attack something.
You are no longer berserk.
You are exhausted.
You feel yourself slow down.
You hit the frilled lizard.
You kill the frilled lizard!
Trog accepts your kill.
Found a stone staircase leading up.
Found a ring mail.
A frilled lizard and a dart slug come into view.
The dart slug launches a dart at you. The slug dart hits you!
* * * LOW HITPOINT WARNING * * *
Found 10 gold pieces.
The dart slug launches a dart at you. The slug dart hits you!
You die...

......... .....l$
...... . ###### #....
.# .....# .... ..##
.....# ##..##...#.
.....# ##..........
...†.# # #..#@....w.#
.†...##.#
#.#..#......
........#####.#.##
....#
.....##..##...#w#
...# .....#
.........# ...
##..####.##..#.## ..
##......#....>###.. .
##..................[
.....................


You could see a worm, a dart slug and a frilled lizard (sleeping).

Vanquished Creatures
  A dart slug (D:2)
  A giant cockroach (D:2)
  2 hobgoblins (D:2)
  2 bats
  2 frilled lizards (D:2)
  A rat (D:1)
9 creatures vanquished.

Notes
Turn   | Place    | Note
-------+----------+-------------------------------------------
     0 | D:1      | iamserjio the Demonspawn Berserker began the quest for the Orb.
     0 | D:1      | Reached XP level 1. HP: 18/18 MP: 1/1
   100 | D:2      | Gained mutation: You sometimes gain a little power by taking damage. [demonic ancestry]
   100 | D:2      | Reached XP level 2. HP: 8/24 MP: 2/2
   118 | D:2      | Killed from afar by a dart slug

Vault maps used:
D:1:      lemuel_arrival_hallway, minmay_misc_feat_encased
D:2:      first_ration, minmay_pentomino_x2

Skill      XL: |  1 |
---------------+----+-----
Axes           | 3 |  3.0
Armour         | 2 |  2.0
Fighting       | |  3.1
Dodging        | |  1.7

Action                   || total
-------------------------++-------
Melee: Hand axe          ||    30
Invok: Berserk           ||     1
 Stab: Sleeping          ||     1
Armor: Animal skin       ||     4
Dodge: Dodged            ||    29

Table legend:
 A = Spawn XP
 B = Non-spawn XP
 C = Spawn XP percentage of total XP
 D = Spawn monster count
 E = Non-spawn monster count
 F = Spawn count percentage of total count
 G = Total turns spent on level
                    A         B        C        D         E        F      G
               +---------+---------+-------+---------+---------+-------+---------
         Total |       0 |      15 |   0.0 |       0 |       9 |   0.0 |   118
               +---------+---------+-------+---------+---------+-------+---------
           D:1 |       0 |       2 |   0.0 |       0 |       2 |   0.0 |    72
           D:2 |       0 |      13 |   0.0 |       0 |       7 |   0.0 |    46
               +---------+---------+-------+---------+---------+-------+---------
